 Dungeon Crawl Stone Soup version 0.19.1 (webtiles) character file.

7044 kae the Basher (level 11, 0/75 HPs)
             Began as a Formicid Fighter on Nov 24, 2016.
             Was a High Priest of Okawaru.
             Slain by a killer bee (1 damage)
             ... on level 1 of the Lair of Beasts.
             The game lasted 00:14:32 (10346 turns).

kae the Basher (Formicid Fighter)                  Turns: 10346, Time: 00:14:32

Health: 0/75       AC:  9    Str: 29    XL:     11   Next: 29%
Magic:  0/19       EV:  8    Int:  7    God:    Okawaru [*****.]
Gold:   22         SH: 10    Dex: 10    Spells: 0 memorised, 10 levels left

rFire  + . .     SeeInvis +     l - +8 mace of Youthful Indiscretion {flame, +Inv rPois}
rCold  x . .     Gourm    .     B - +1 ring mail "Rodemabo" {Str+4}
rNeg   + . .     Faith    .     c - +0 shield
rPois  +         Spirit   +     (helmet unavailable)
rElec  .         Reflect  .     z - +2 cloak {rPois}
rCorr  .         Harm     .     (no gloves)
MR     +....                    (no boots)
Stlth  ..........               x - amulet of guardian spirit
                                w - ring of positive energy
                                y - ring of fire

@: no status effects
A: permanent stasis, dig shafts and tunnels, four strong arms, antennae 3
a: Dig, Shaft Self, Heroism, Finesse, Renounce Religion, Evoke Invisibility


You were on level 1 of the Lair of Beasts.
You worshipped Okawaru.
Okawaru was extremely pleased with you.
You were hungry.

You visited 2 branches of the dungeon, and saw 9 of its levels.

You collected 342 gold pieces.
You spent 320 gold pieces at shops.

Inventory:

Hand Weapons
 a - a +1 flail
 l - the +8 mace of Youthful Indiscretion (weapon) {flame, +Inv rPois}
   (You bought it in a shop on level 4 of the Dungeon)

   It has been specially enchanted to burn those struck by it, causing extra
   injury to most foes and up to half again as much damage against particularly
   susceptible opponents.
   It protects you from poison.
   It lets you turn invisible.
Armour
 c - a +0 shield (worn)
 i - quicksilver dragon scales
 z - a +2 cloak of poison resistance (worn)
 B - the +1 ring mail "Rodemabo" (worn) {Str+4}
   (You found it on level 8 of the Dungeon)

   It affects your strength (+4).
Jewellery
 h - an uncursed ring of protection from fire
 w - a ring of positive energy (right hand)
 x - an amulet of guardian spirit (around neck)
 y - a ring of fire (left hand)
Scrolls
 d - a scroll of remove curse
 e - a scroll of identify
 p - a scroll of enchant armour
Potions
 j - a potion of resistance
 k - 3 potions of curing
 m - a potion of cancellation
 n - a potion of heal wounds
 q - a potion of flight
 r - 3 potions of cure mutation
 s - a potion of lignification
 t - 4 potions of brilliance
 u - a potion of might
 E - a potion of ambrosia {unknown}
Books
 b - a book of Geomancy

   Spells                             Type                      Level
   a - Sandblast                      Earth                        1
   b - Passwall                       Transmutation/Earth          2
   c - Stone Arrow                    Conjuration/Earth            3
   d - Petrify                        Transmutation/Earth          4
   e - Lee's Rapid Deconstruction     Earth                        5
 C - a book of Cantrips

   Spells                             Type                      Level
   a - Confusing Touch                Hexes                        1
   b - Animate Skeleton               Necromancy                   1
   c - Summon Small Mammal            Summoning                    1
   d - Apportation                    Translocation                1
 D - a book of Power

   Spells                             Type                      Level
   a - Fulminant Prism                Conjuration/Hexes            4
   b - Iskenderun's Mystic Blast      Conjuration                  4
   c - Venom Bolt                     Conjuration/Poison           5
   d - Bolt of Magma                  Conjuration/Fire/Earth       5
   e - Iron Shot                      Conjuration/Earth            6
   f - Orb of Destruction             Conjuration                  7
   g - Spellforged Servitor           Conjuration/Summoning        7
Comestibles
 f - 6 bread rations
 g - 7 meat rations
 o - a royal jelly
 v - a beef jerky


   Skills:
 - Level 3.2 Fighting
 + Level 13.5 Maces & Flails
 - Level 3.2 Armour
 - Level 3.6 Shields
 - Level 10.9 Invocations


You had 10 spell levels left.
You didn't know any spells.

Dungeon Overview and Level Annotations

Branches:
Dungeon (8/15)             Temple (0/1) D:5            Lair (1/6) D:8

Altars:
Elyvilon
Fedhas
Hepliaklqana
Okawaru
Qazlal
Ru
Xom
Yredelemnul

Shops:
D:4 *?*((   D:6 [   D:7 }


Innate Abilities, Weirdness & Mutations

You are under a permanent stasis effect.
You can dig through walls and to a lower floor.
Your four strong arms can wield two-handed weapons with a shield.
You have a pair of large antennae on your head. (SInv)


Message History

The killer bee closely misses you. You block the killer bee's attack.
You barely miss the killer bee.
The killer bee is severely wounded.
You block the killer bee's attack. The killer bee stings you!
* * * LOW HITPOINT WARNING * * *
You block the killer bee's attack.
You sock the killer bee! You burn the killer bee.
The killer bee is almost dead.
The killer bee stings you but does no damage.
The killer bee stings you.
* * * LOW HITPOINT WARNING * * *
You barely miss the killer bee.
The killer bee is almost dead.
The killer bee stings you!
* * * LOW HITPOINT WARNING * * *
You block the killer bee's attack.
You completely miss the killer bee.
The killer bee is almost dead.
You block the killer bee's attack. The killer bee stings you.
You die...

....%# y%..%# ....%#
%%...# .....# y%..?#
##yy.%.+ ##yyy%..#
##@###.+## ###.# ##.##
#.## #....# #.#.## #†y##
#....# ####.###.y.###
#....# ###.#...y..#.###
#....# #...............#
#....##..#####.....###..
#....#<.# #.....# {
#.......# #.....#


You could see 6 killer bees.

Vanquished Creatures
  The ghost of Uhlv the Covered, a novice HaBe of Trog (D:7)
  A gargoyle (D:7)
  A queen bee (Lair:1)
  The ghost of azzavlup the Sneak, an amateur KoBe of Trog (D:3)
  A spriggan (D:8)
  Sigmund (D:6)
  6 yaks (D:7)
  A hungry ghost (D:7)
  2 hell hounds (D:8)
  A water moccasin (D:5)
  2 orc warriors
  2 sky beasts
  2 phantoms
  An ice beast (D:8)
  An ogre (D:4)
  2 centaurs
  9 bullfrogs
  5 scorpions
  29 killer bees
  5 howler monkeys
  A centaur skeleton (D:6)
  A bullfrog skeleton (D:8)
  3 jellies
  Crazy Yiuf (D:4)
  3 hounds
  4 orc wizards
  4 iguanas
  9 worker ants
  3 hound skeletons
  4 gnolls (D:4)
  21 adders
  2 shadow imps
  2 oozes
  2 worms
  7 dart slugs
  10 leopard geckos
  13 orcs
  2 ball pythons (D:2)
  A giant cockroach (D:5)
  10 goblins
  7 hobgoblins
  6 jackals
  4 kobolds
  3 quokkas
  7 bats
  4 frilled lizards
  2 gnoll zombies (D:7)
  A leopard gecko zombie (D:7)
  A quokka skeleton (D:6)
  A quokka zombie (D:5)
  9 rats
222 creatures vanquished.

Notes
Turn   | Place    | Note
-------+----------+-------------------------------------------
     0 | D:1      | kae the Formicid Fighter began the quest for the Orb.
     0 | D:1      | Reached XP level 1. HP: 18/18 MP: 1/1
    27 | D:1      | Reached XP level 2. HP: 23/24 MP: 2/2
    60 | D:1      | Reached skill level 3 in Maces & Flails
   138 | D:1      | Reached XP level 3. HP: 26/29 MP: 3/3
   767 | D:1      | Reached XP level 4. HP: 35/35 MP: 4/4
   786 | D:2      | Reached skill level 4 in Maces & Flails
  1405 | D:2      | Reached XP level 5. HP: 41/41 MP: 5/5
  1515 | D:2      | Reached skill level 5 in Maces & Flails
  1983 | D:3      | Noticed azzavlup's ghost (amateur KoBe)
  2450 | D:3      | Reached XP level 6. HP: 45/47 MP: 6/6
  2665 | D:3      | HP: 2/47 [poisoned by azzavlup's ghost]
  2668 | D:3      | Killed azzavlup's ghost
  2668 | D:3      | Reached skill level 6 in Maces & Flails
  2668 | D:3      | Reached XP level 7. HP: 13/52 MP: 7/7
  2669 | D:3      | Reached skill level 7 in Maces & Flails
  3328 | D:4      | Found Buademus's Magic Scroll Shoppe.
  3368 | D:4      | Bought a scroll of identify for 22 gold pieces
  3368 | D:4      | Bought a scroll of identify for 22 gold pieces
  3368 | D:4      | Bought a scroll of identify for 22 gold pieces
  3482 | D:4      | Found a runed door.
  3502 | D:4      | Found Kuwum's Assorted Antiques.
  3504 | D:4      | Found Siotodoumn's Antique Weapon Shop.
  3510 | D:4      | Bought a fizzy brown potion for 19 gold pieces
  3772 | D:4      | Found a shimmering altar of Xom.
  3786 | D:4      | Found a stormy altar of Qazlal.
  3790 | D:4      | Reached skill level 8 in Maces & Flails
  3814 | D:4      | Found Gidoutte's Weapon Emporium.
  4130 | D:4      | Found Ekyxedill's Assorted Antiques.
  4172 | D:4      | Noticed Crazy Yiuf
  4178 | D:4      | Killed Crazy Yiuf
  4178 | D:4      | Reached XP level 8. HP: 53/58 MP: 6/8
  4353 | D:5      | Entered Level 5 of the Dungeon
  4435 | D:5      | Found an iron altar of Okawaru.
  4446 | D:5      | Became a worshipper of Warmaster Okawaru
  4504 | D:5      | Reached skill level 9 in Maces & Flails
  4565 | D:5      | Reached skill level 1 in Invocations
  4933 | D:5      | Found a blossoming altar of Fedhas.
  4995 | D:5      | Found a staircase to the Ecumenical Temple.
  5084 | D:5      | Reached * piety under Okawaru
  5355 | D:6      | Reached skill level 10 in Maces & Flails
  5355 | D:6      | Reached XP level 9. HP: 32/64 MP: 5/11
  5447 | D:6      | Found Ewnukeqy's Armour Emporium.
  5810 | D:6      | Noticed Sigmund
  5819 | D:6      | Killed Sigmund
  5819 | D:6      | Reached skill level 5 in Invocations
  6181 | D:7      | Found Geury's Gadget Emporium.
  6255 | D:7      | Noticed a gargoyle
  6274 | D:7      | Killed a gargoyle
  6641 | D:7      | Reached skill level 11 in Maces & Flails
  6791 | D:7      | Reached ** piety under Okawaru
  7248 | D:7      | Reached XP level 10. HP: 66/70 MP: 15/15
  7295 | D:7      | Noticed Uhlv's ghost (novice HaBe)
  7605 | D:7      | Killed Uhlv's ghost
  7822 | D:7      | Reached *** piety under Okawaru
  7829 | D:7      | Reached skill level 12 in Maces & Flails
  8324 | D:7      | Reached skill level 10 in Invocations
  8448 | D:7      | Found a basalt altar of Yredelemnul.
  8521 | D:7      | Found a white marble altar of Elyvilon.
  8521 | D:7      | Found a sacrificial altar of Ru.
  8785 | D:8      | Got a bloodstained ring mail
  8796 | D:8      | Identified the +1 ring mail "Rodemabo" {Str+4} (You found it on level 8 of the Dungeon)
  8810 | D:8      | Found a staircase to the Lair.
  8898 | D:8      | Reached **** piety under Okawaru
  9180 | D:8      | Reached XP level 11. HP: 68/75 MP: 14/18
  9610 | D:8      | Found a hazy altar of Hepliaklqana.
  9835 | D:4      | Bought an ancient mace for 216 gold pieces
  9835 | D:4      | Identified the +8 mace of Youthful Indiscretion {flame, +Inv rPois} (You bought it in a shop on level 4 of the Dungeon)
  9839 | D:4      | Bought a brown potion for 19 gold pieces
  9943 | Lair:1   | Entered Level 1 of the Lair of Beasts
 10003 | Lair:1   | Reached skill level 13 in Maces & Flails
 10337 | Lair:1   | Reached ***** piety under Okawaru
 10345 | Lair:1   | HP: 1/75 [killer bee (7)]
 10346 | Lair:1   | Slain by a killer bee

Skill      XL: |  1  2  3  4  5  6  7  8  9 10 11 |
---------------+----------------------------------+-----
Maces & Flails | 3 4 5 6 8 10 11 12 13 | 13.5
Invocations    | 3 7 10 | 10.9
Fighting       | |  3.2
Armour         | |  3.2
Shields        | |  3.6

Action                   |  1- 3 |  4- 6 |  7- 9 | 10-12 || total
-------------------------+-------+-------+-------+-------++-------
Melee: Flail             |    98 |   192 |   448 |   356 ||  1094
       Mace              |       |       |       |    66 ||    66
Invok: Heroism           |       |       |       |     2 ||     2
 Abil: Dig               |       |     1 |     4 |     4 ||     9
  Use: Scroll            |       |     6 |    10 |     5 ||    21
       Potion            |       |     2 |     1 |       ||     3
  Eat: Chunk             |       |     6 |    15 |     9 ||    30
       Fruit             |       |       |       |     5 ||     5
       Pizza             |       |       |       |     1 ||     1
Armor: Scale mail        |    42 |    81 |   119 |       ||   242
       Quicksilver drago |       |       |    29 |    69 ||    98
       Ring mail         |       |       |       |    56 ||    56
Dodge: Dodged            |    32 |    71 |   119 |    81 ||   303
Block: Shield            |    60 |   116 |   172 |   142 ||   490
